[ AOE2 MATCH · #478477758 ]
UnrankedGoths vs Franks
[ REPLAY ANALYSIS · EXTRACTED FROM THE RECORDED GAME ]
Feudal
—
Castle
—
Imperial
—
| APM avg | 30.5 |
| APM peak | 52 |
| eAPM avg | 13.5 |
| Villagers / military | 10 / 0 |
Focus
⚔️ 12.9% · 🌾 87.1%
Feudal
—
Castle
—
Imperial
—
| APM avg | 19.7 |
| APM peak | 41 |
| eAPM avg | 7.0 |
| Villagers / military | 4 / 0 |
Focus
⚔️ 0.0% · 🌾 100.0%
Feudal
—
Castle
—
Imperial
—
| APM avg | 11.8 |
| APM peak | 30 |
| eAPM avg | 2.5 |
| Villagers / military | 0 / 0 |
Focus
⚔️ 0.0% · 🌾 100.0%
Feudal
—
Castle
—
Imperial
—
| APM avg | 20.9 |
| APM peak | 50 |
| eAPM avg | 3.0 |
| Villagers / military | 0 / 0 |
Focus
⚔️ 0.0% · 🌾 100.0%
Feudal
—
Castle
—
Imperial
—
| APM avg | 22.0 |
| APM peak | 37 |
| eAPM avg | 9.7 |
| Villagers / military | 6 / 0 |
Focus
⚔️ 0.0% · 🌾 100.0%
Feudal
—
Castle
—
Imperial
—
| APM avg | 17.6 |
| APM peak | 29 |
| eAPM avg | 2.1 |
| Villagers / military | 0 / 0 |
Focus
⚔️ 0.0% · 🌾 100.0%
Feudal
—
Castle
—
Imperial
—
| APM avg | 12.1 |
| APM peak | 15 |
| eAPM avg | 4.0 |
| Villagers / military | 5 / 0 |
Focus
⚔️ 0.0% · 🌾 100.0%
Feudal
—
Castle
—
Imperial
—
| APM avg | 26.2 |
| APM peak | 31 |
| eAPM avg | 12.3 |
| Villagers / military | 8 / 0 |
Focus
⚔️ 0.0% · 🌾 100.0%
Match map
Initial resources + every placement click. Lines = walls · curves = elevation contours. ◆ gold · ⬟ stone · ● berries · ✦ relic · ◌ wall gap
Your base
Steve's base
oawanphf2u's base
ektum_inside's base
Saeer's base
740784354's base
in'Thomas's base
[GDL] shoocker's base
Smoothed initial terrain · ◌ = detected wall gap · hover for details
Inputs per minute
— Snowball_33 - - Steve
Build order — Snowball_33
13 actions detected in the replay
| 0:38 | Build | Town Center |
| 1:39 | Build | House |
| 2:51 | Research | Loom |
| 2:52 | Queue | Villager (Male) |
| 2:52 | Queue | Villager (Male) |
| 2:52 | Queue | Villager (Male) |
| 2:53 | Queue | Villager (Male) |
| 2:53 | Queue | Villager (Male) |
| 2:53 | Queue | Villager (Male) |
| 4:33 | Queue | Villager (Male) |
| 4:33 | Queue | Villager (Male) |
| 4:33 | Queue | Villager (Male) |
| 4:33 | Queue | Villager (Male) |
Build order — Steve
6 actions detected in the replay
| 1:31 | Build | Town Center |
| 1:41 | Build | House |
| 3:31 | Queue | Villager (Male) |
| 3:31 | Queue | Villager (Male) |
| 3:31 | Queue | Villager (Male) |
| 3:32 | Queue | Villager (Male) |
Build order — oawanphf2u
2 actions detected in the replay
| 0:19 | Build | Town Center |
| 3:55 | Build | House |
Build order — ektum_inside
1 actions detected in the replay
| 0:45 | Build | Town Center |
Build order — Saeer
10 actions detected in the replay
| 0:52 | Build | Town Center |
| 2:07 | Build | House |
| 2:37 | Build | House |
| 2:42 | Build | House |
| 2:44 | Build | House |
| 3:13 | Queue | Villager (Male) ×4 |
| 4:32 | Research | Loom |
| 4:32 | Research | Loom |
| 4:37 | Queue | Villager (Male) |
| 4:37 | Queue | Villager (Male) |
Build order — 740784354
1 actions detected in the replay
| 2:54 | Build | Town Center |
Build order — in'Thomas
9 actions detected in the replay
| 0:25 | Build | Town Center |
| 0:32 | Build | House |
| 2:54 | Queue | Villager (Male) |
| 2:54 | Queue | Villager (Male) |
| 2:54 | Queue | Villager (Male) |
| 2:54 | Queue | Villager (Male) |
| 3:50 | Queue | Villager (Male) |
| 4:15 | Build | Lumber Camp |
| 4:21 | Build | House |
Build order — [GDL] shoocker
10 actions detected in the replay
| 0:46 | Build | Town Center |
| 1:31 | Build | House |
| 3:09 | Queue | Villager (Male) |
| 3:09 | Queue | Villager (Male) |
| 3:10 | Queue | Villager (Male) |
| 3:10 | Queue | Villager (Male) |
| 3:10 | Queue | Villager (Male) |
| 3:10 | Queue | Villager (Male) |
| 4:29 | Queue | Villager (Male) |
| 4:30 | Queue | Villager (Male) |
Match timeline
| 3:13 | ektum_inside · resign |
[ AI ANALYSIS · 1 CREDIT ]
What really happened in this match?
Wolo.gg analyzes every decision: build order, eco, micro, common mistakes by bracket. Personalized analysis on WhatsApp or Discord in 30 seconds.
Civ guide
Goths
Perfil
Jugador #2608161